 Dungeon Crawl Stone Soup version 0.17-a0-1793-gcbb3aa1 (console) character file.

121 Illiel the Sneak (level 4, 0/27 HPs)
             Began as a High Elf Enchanter on Sept 10, 2015.
             Engulfed by Natasha's flame (18 damage)
             ... on level 4 of the Dungeon.
             The game lasted 00:15:12 (2907 turns).

Illiel the Sneak (High Elf Enchanter)               Turns: 2907, Time: 00:15:12

Health: 0/27       AC:  3    Str:  7    XL:     4   Next: 76%
Magic:  8/8        EV: 13    Int: 18    God:
Gold:   100        SH:  0    Dex: 17    Spells: 3 memorised, 1 level left

rFire  . . .     SeeInvis .     a - +1 dagger
rCold  . . .     Clarity  .     p - +1 robe {MR+}
rNeg   . . .     SustAt   .     (no shield)
rPois  +         Gourm    .     (no helmet)
rElec  .         Spirit   .     (no cloak)
rCorr  .         Warding  .     (no gloves)
rMut   .         Stasis   .     (no boots)
MR     +....                    (no amulet)
Stlth  +.........               (no ring)
                                j - ring of poison resistance

@: confused, very slightly contaminated, somewhat resistant to hostile
enchantments, very unstealthy
A: no striking features
a: no special abilities


You were on level 4 of the Dungeon.
You were not hungry.

You visited 1 branch of the dungeon, and saw 4 of its levels.

You collected 100 gold pieces.

Inventory:

Hand weapons
 a - a +1 dagger (weapon)
Missiles
 h - 78 arrows
 l - 4 curare-tipped needles
Armour
 p - a +1 robe of magic resistance (worn)
Jewellery
 j - a ring of poison resistance (left hand)
Scrolls
 f - a scroll of recharging
 o - 2 scrolls of fear {unknown}
Potions
 i - a potion of brilliance
 q - 2 potions of flight
Books
 c - a book of Maledictions

   Spells                             Type                      Level
   a - Corona                         Hexes                        1
   b - Ensorcelled Hibernation        Hexes/Ice                    2
   c - Confuse                        Hexes                        3
   d - Tukima's Dance                 Hexes                        3
   e - Dazzling Spray                 Conjuration/Hexes            3
Comestibles
 b - 3 meat rations
 d - 3 bread rations
 g - a chunk of flesh
 r - 2 fruits


   Skills:
 + Level 4.1 Short Blades
 - Level 2.1 Dodging
 + Level 5.1 Stealth
 - Level 2.4 Spellcasting
 - Level 3.0 Hexes


You had one spell level left.
You knew the following spells:

 Your Spells              Type           Power        Failure   Level  Hunger
a - Corona                Hex            ##.....      6%          1    #......
i - Confuse               Hex            ##......     17%         3    ###....
j - Ensorcelled Hibernat  Hex/Ice        #.....       14%         2    ##.....


Dungeon Overview and Level Annotations

Branches:
Dungeon (4/15)
 Temple: D:4-7

Altars:
Ashenzari
Qazlal
Sif Muna
Vehumet
Yredelemnul

Annotations:
D:3 Gargoyl's ghost, experienced DsAK
D:4 Natasha


Message History

Drink which item? (? for menu, Esc to quit)
It was a potion of ambrosia.
You are confused.
You feel invigorated. Natasha completely misses you.
Drink which item? (? for menu, Esc to quit)
Okay, then.
Drink which item? (? for menu, Esc to quit)
Okay, then.
You're too confused!
You hit Natasha.
Natasha is lightly wounded.
Natasha mumbles some strange words.
You miss the shadow imp. Natasha closely misses you.
You bump into the rock wall.
The shadow imp is engulfed in roaring flames.
The shadow imp dies!
Natasha claws you!
You are engulfed in roaring flames.
Ouch! That really hurt!
You die...

■∙⌠∙▒ ▒∙⌠∙∙∙
▒∙∙∙∙▒ ▒∙∙∙∙▒
▒∙∙∙▒▒▒(∙∙▒
▒∙∙∙$▒∙∙∙∙▒
▒∙∙#∙∙∙∙▒
▒∙>∙⌠∙<∙▒
▒▒∙∙∙∙∙∙∙▒▒ ▒
▒∙∙∙∙▒∙∙∙∙▒ ∙
▒▒∙∙h▒▒▒∙∙∙▒▒∙▒
▒∙∙∙∙▒ ▒∙∙∙∙▒∙▒
■∙⌠5▒▒ ▒▒∙⌠∙∙∙▒
▒∙∙∙▒∙∙∙▒∙5∙▒▒▒
▒▒∙▒▒∙▒∙▒▒'▒▒
▒∙[h∙▒▒∙∙∙∙▒
▒▒▒▒▒▒▒∙∙∙∙▒▒
▒∙∙∙∙∙▒▒▒▒▒▒▒▒▒▒∙
▒∙∙∙∙5wh∙@∙∙∙∙∙>∙
▒▒▒▒▒▒▒▒▒▒▒▒▒▒▒▒▒


You could see a worm, an iron imp and Natasha.

Vanquished Creatures
  Natasha (D:3)
  4 adders
  An ooze (D:2)
  A worm (D:3)
  An orc (D:2)
  2 ball pythons
  3 giant cockroaches
  7 goblins
  7 hobgoblins
  6 jackals
  7 kobolds
  2 quokkas (D:2)
  8 bats
  5 giant newts
  2 rats (D:1)
57 creatures vanquished.

Notes
Turn   | Place    | Note
--------------------------------------------------------------
     0 | D:1      | Illiel the High Elf Enchanter began the quest for the Orb.
     0 | D:1      | Reached XP level 1. HP: 11/11 MP: 4/4
   433 | D:1      | Reached XP level 2. HP: 9/17 MP: 3/6
   437 | D:1      | Learned a level 2 spell: Ensorcelled Hibernation
   690 | D:1      | Found a shattered altar of Ashenzari.
   895 | D:1      | Reached skill level 4 in Stealth
  1524 | D:2      | Reached XP level 3. HP: 21/21 MP: 4/7
  1549 | D:2      | Found a basalt altar of Yredelemnul.
  1824 | D:2      | Found a deep blue altar of Sif Muna.
  1827 | D:2      | Found a stormy altar of Qazlal.
  1941 | D:2      | Reached XP level 4. HP: 24/27 MP: 8/8
  2470 | D:3      | Noticed Gargoyl's ghost (experienced DsAK)
  2530 | D:3      | Noticed Natasha
  2538 | D:3      | Killed Natasha
  2538 | D:3      | Reached skill level 5 in Stealth
  2585 | D:3      | Learned a level 3 spell: Confuse
  2673 | D:3      | Noticed Natasha
  2700 | D:3      | Found a radiant altar of Vehumet.
  2907 | D:4      | Engulfed by Natasha's flame

Vault maps used:
D:1:      dpeg_arrival_tiny_c, ashenzari_altar_1
D:2:      grunt_temple_overflow_open, old_standard_altar
D:3:      fiery_altar_vehumet, first_bread, uniq_natasha
D:4:      kennysheep_mini_moat, overflow_temple_1_default, serial_shops,
          nicolae_shop_trees, grunt_ministairs_13

Action                   |  1- 3 |  4- 6 || total
-------------------------+-------+-------++-------
Melee: Dagger            |   106 |    48 ||   154
 Cast: Corona            |    10 |       ||    10
       Ensorcelled Hiber |    19 |     8 ||    27
       Confuse           |       |     3 ||     3
  Use: Scroll            |       |     5 ||     5
       Potion            |       |     2 ||     2
 Stab: Sleeping          |    19 |    11 ||    30
       Distracted        |     1 |       ||     1
  Eat: Chunk             |     2 |     5 ||     7
       Beef jerky        |     1 |       ||     1
